cohdb
Replays
Latest Replays
All Replays
Popular Replays
Top Player Replays
Match Explorer
How It Works
Community
CoH3 Stats
Reddit
Sign in to upload your games and track your stats! →
Sign in with Steam
Match 47192768
Unlisted
Match 47192768
Overview
Messages
Build Orders
End
Panzergrenadier Squad
Selects Battlefield Espionage Battlegroup
250 Light Carrier
Panzergrenadier Squad
Construct Light Support Kompanie
Combat Half-tracks
Selects Intel Disruption Beacon
Fire Support Elements
Panzergrenadier Squad
Flakvierling Half-track
Vehicle Survival Package
Veteran Squad Leaders
Selects Plunder
Flakvierling Half-track
Selects 250/3 Funkpanzerwagen
Pak 38 Mechanized Group
Tungsten Core Ammunition
Selects Anti-Tank Incendiary Munitions
Construct Panzerarmee Kommand
Panzergrenadier Squad
Selects Firestorm
Emergency Repair Kits
Walking Stuka Rocket Launcher
Pak 38 Anti-tank Gun Team
nispe
Tyrant
poe2 is
Bobr
xancex
Luckyluke2020
0
0
Comments
sign in to comment!
No comments posted yet!